 Dungeon Crawl Stone Soup version 0.20-a0-983-g35de22d (webtiles) character file.

59 Patate the Sneak (level 3, 0/16 HPs)
             Began as a Spriggan Enchanter on Apr 10, 2017.
             Slain by a worm (6 damage)
             ... on level 2 of the Dungeon.
             The game lasted 00:06:07 (2250 turns).

Patate the Sneak (Spriggan Enchanter)               Turns: 2250, Time: 00:06:08

Health: 0/16       AC:  3    Str:  2 (5)  XL:     3   Next: 78%
Magic:  8/8        EV: 18    Int: 13 (14) God:
Gold:   87         SH:  0    Dex: 14 (16) Spells: 4/7 levels left

rFire    . . .     SeeInvis +   a - +1 dagger
rCold    . . .     Gourm    .   (shield restricted)
rNeg     . . .     Faith    .   b - +0 robe
rPois    .         Spirit   .   (helmet restricted)
rElec    +         Reflect  .   n - +1 cloak
rCorr    .         Harm     .   (gloves unavailable)
MR       .....                  (boots unavailable)
Stlth    ++++......             (no amulet)
Regen    0.1/turn               (no ring)
MPRegen  0.2/turn               (no ring)

@: flying, very quick
A: unfitting armour, see invisible, deformed body, dopey 1, herbivore 3, speed
3, screaming 1, electricity resistance, slow metabolism 2
a: no special abilities


You were on level 2 of the Dungeon.
You were not hungry.

You visited 1 branch of the dungeon, and saw 2 of its levels.

You collected 87 gold pieces.

Inventory:

Hand Weapons
 a - a +1 dagger (weapon)
Armour
 b - a +0 robe (worn)
 n - a +1 cloak (worn)
Scrolls
 e - a scroll of amnesia {unknown}
 f - a scroll of blinking {unknown}
 m - a scroll of remove curse {unknown}
 o - 2 scrolls of magic mapping {unknown}
Potions
 j - 3 potions of curing
 l - 2 potions of brilliance {unknown}
Books
 c - a book of Maledictions

   Spells                             Type                      Level
   a - Corona                         Hexes                        1
   b - Ensorcelled Hibernation        Hexes/Ice                    2
   c - Confuse                        Hexes                        3
   d - Tukima's Dance                 Hexes                        3
   e - Dazzling Spray                 Conjuration/Hexes            3
Comestibles
 d - 3 bread rations
 h - 2 royal jellies
 k - 3 fruits


   Skills:
 - Level 1.1 Short Blades
 - Level 3.0 Dodging
 + Level 7.3 Stealth
 - Level 2.6 Spellcasting
 - Level 3.6 Hexes


You had 4 spell levels left.
You knew the following spells:

 Your Spells              Type           Power        Failure   Level  Hunger
a - Corona                Hex            ##.....      8%          1    #......
b - Ensorcelled Hibernat  Hex/Ice        #.....       21%         2    ###....


Dungeon Overview and Level Annotations

Branches:
Dungeon (2/15)

Altars:
Kikubaaqudgha
Okawaru


Innate Abilities, Weirdness & Mutations

You are very small and have problems with some larger weapons.
You are too small for most types of armour.
You have supernaturally acute eyesight. (SInv)
You are a herbivore.
You cover ground extremely quickly.
You need consume almost no food.
Armour fits poorly on your strangely shaped body.
You are dopey. (Int -2)
You occasionally shout uncontrollably at your foes.
You are resistant to electric shocks. (rElec)


Message History

Okay, then.
It was a potion of degeneration.
There was something very wrong with that liquid.
You feel weakened.
You feel dopey.
You feel clumsy.
It was a potion of flight.
You feel very buoyant.
You fly up into the air.
You have no ailments to cure.
Found 10 arrows.
A worm comes into view.
A worm is nearby!
A worm is nearby!
Found 15 gold pieces.
You hit the worm but do no damage. You barely miss the worm.
The worm bites you!
Ouch! That really hurt!
You hit the worm.
The worm is lightly wounded.
The worm bites you.
You die...

......<............# ###...
...................#
#######.....
#........#######.###
#........#.. #........# #.#
#[.......#.. #........#
.#####........#.. #.......##
.....#........#.. #.......#
....#........###
.......##########....#........#
................@w...#........#
........#########...$#........#
#†......# ....##########
##....<## ....# ##...## #####
#####


You could see a worm.

Vanquished Creatures
  2 adders (D:2)
  A worm (D:2)
  2 dart slugs
  A leopard gecko (D:2)
  A giant cockroach (D:2)
  3 goblins
  7 hobgoblins
  5 kobolds
  A quokka (D:2)
  2 bats
  3 frilled lizards (D:1)
  4 rats
32 creatures vanquished.

Notes
Turn   | Place    | Note
-------+----------+-------------------------------------------
     0 | D:1      | Patate the Spriggan Enchanter began the quest for the Orb.
     0 | D:1      | Reached XP level 1. HP: 9/9 MP: 5/5
   634 | D:1      | Reached skill level 5 in Stealth
   734 | D:1      | Reached XP level 2. HP: 8/13 MP: 6/6
   836 | D:1      | Learned a level 2 spell: Ensorcelled Hibernation
  1246 | D:1      | Reached skill level 6 in Stealth
  1572 | D:2      | Found an ancient bone altar of Kikubaaqudgha.
  1620 | D:2      | Reached XP level 3. HP: 16/16 MP: 2/8
  1686 | D:2      | Found a faded altar of an unknown god.
  1731 | D:2      | Reached skill level 7 in Stealth
  1831 | D:2      | Found an iron altar of Okawaru.
  2073 | D:2      | Gained mutation: You are dopey. (Int -2) [potion of mutation]
  2073 | D:2      | Gained mutation: You occasionally shout uncontrollably at your foes. [potion of mutation]
  2073 | D:2      | Gained mutation: Armour fits poorly on your strangely shaped body. [potion of mutation]
  2073 | D:2      | Gained mutation: You are resistant to electric shocks. (rElec) [potion of mutation]
  2250 | D:2      | Slain by a worm

Vault maps used:
D:1:      doesnt_arrival_eight_statues, kennysheep_small_spiral
D:2:      kiku_gazebo_pond_becter, kennysheep_okawaru_gauntlet, first_bread,
          chequers_ecumenical_altar_twisty

Skill      XL: |  1  2  3 |
---------------+----------+-----
Stealth        | 5 6 7 |  7.3
Short Blades   | |  1.1
Dodging        | |  3.0
Spellcasting   | |  2.6
Hexes          | |  3.6

Action                   || total
-------------------------++-------
Melee: Dagger            ||   126
 Cast: Ensorcelled Hiber ||    15
  Use: Potion            ||     3
       Scroll            ||     2
 Stab: Sleeping          ||    15
Armor: Robe              ||     8
Dodge: Dodged            ||    97
